 Dungeon Crawl Stone Soup version 0.29.1-15-g9cfb28693d (webtiles) character file.

Game seed: 9409770516880272769

74431 Mysteryquy the Executioner (level 15, -16/132 HPs)
             Began as a Minotaur Berserker on May 2, 2023.
             Was an Elder of Trog.
             Killed from afar by a fire dragon (49 damage)
             ... with a blast of flame
             ... on level 13 of the Dungeon.
             The game lasted 00:41:38 (23445 turns).

Mysteryquy the Executioner (Minotaur Berserker)    Turns: 23445, Time: 00:41:39

Health: -16/132    AC: 18    Str: 28    XL:     15   Next: 6%
Magic:  14/14      EV: 10    Int:  4    God:    Trog [****..]
Gold:   1350       SH: 16    Dex:  7    Spells: 14/14 levels left

rFire   x . .      SeeInvis .   Q - +10 broad axe "Bantyeco" {flame, rF- rN+ Will+ Str+4}
rCold   . . .      Faith    .   X - +1 kite shield {reflect}
rNeg    + + .      Spirit   .   c - +0 scale mail
rPois   .          Reflect  +   (helmet restricted)
rElec   .          Harm     .   (no cloak)
rCorr   .          Rampage  .   E - +1 pair of gloves of the Lotus Blossom {rN+}
Will    ++...                   J - +2 pair of boots
Stlth   ..........              T - amulet of reflection
HPRegen 0.32/turn               H - +4 ring of protection
MPRegen 0.14/turn               (no ring)

@: unable to read, unable to drink
A: horns 2, retaliatory headbutt, [clumsy 2], [frail 1], [weak 2], [inability to
drink after injury 1], [inability to read after injury 1]
a: Renounce Religion, Berserk, Trog's Hand, Brothers in Arms


You were on level 13 of the Dungeon.
You worshipped Trog.
Trog was greatly pleased with you.
You visited 3 branches of the dungeon, and saw 19 of its levels.
You visited the Abyss 1 time.
You also visited: Sewer and Ossuary.

You collected 1390 gold pieces.
You spent 40 gold pieces at shops.

Inventory:

Hand Weapons
 L - a +1 battleaxe
 Q - the +10 broad axe "Bantyeco" (weapon) {flame, rF- rN+ Will+ Str+4}
   (Trog gifted it to you on level 1 of the Lair of Beasts)

   It burns those it strikes, dealing additional fire damage.
   Big, fiery blades are also staple armaments of hydra-hunters.
   Str:       It affects your strength (+4).
   rF:        It makes you vulnerable to fire.
   rN:        It protects you from negative energy.
   Will:      It increases your willpower.
 V - a +5 battleaxe of flaming
Missiles
 b - 2 throwing nets
 n - 5 atropa-tipped darts
 y - 27 poisoned darts (quivered)
Armour
 c - a +0 scale mail (worn)
 E - the +1 pair of gloves of the Lotus Blossom (worn) {rN+}
   (You found it on level 4 of the Dungeon)

   rN:        It protects you from negative energy.
 F - a +0 kite shield
 J - a +2 pair of boots (worn)
 X - a +1 kite shield of reflection (worn)
Jewellery
 D - a ring of fire
 H - a +4 ring of protection (left hand)
 M - a ring of ice
 T - an amulet of reflection (around neck)
 U - an amulet of faith
 Y - a ring of willpower
Wands
 I - a wand of polymorph (9)
 K - a wand of paralysis (6)
 N - a wand of flame (10)
 O - a wand of roots (11)
 P - a wand of digging (13)
 R - a wand of acid (3)
 W - a wand of mindburst (11)
Scrolls
 d - 4 scrolls of teleportation
 f - 2 scrolls of summoning
 i - a scroll of silence
 j - 3 scrolls of vulnerability
 l - 5 scrolls of immolation
 m - 6 scrolls of identify
 o - 8 scrolls of enchant weapon
 p - 4 scrolls of poison
 r - 4 scrolls of butterflies {unknown}
 s - 2 scrolls of blinking
 t - 3 scrolls of noise
 w - a scroll of brand weapon
 B - 2 scrolls of enchant armour
 S - a scroll of acquirement {unknown}
Potions
 a - a potion of invisibility {unknown}
 e - 7 potions of magic
 g - 4 potions of ambrosia {unknown}
 h - 4 potions of attraction {unknown}
 k - 9 potions of curing
 q - 5 potions of brilliance
 u - 5 potions of lignification {unknown}
 v - a potion of haste
 x - a potion of resistance
 z - 6 potions of heal wounds {unknown}
 A - 4 potions of cancellation
 C - 3 potions of flight {unknown}
 G - 3 potions of mutation


   Skills:
 + Level 17.3 Fighting
 + Level 21.8 Axes
 - Level 0.4 Throwing
 + Level 9.5 Armour
 + Level 6.0 Dodging
 + Level 11.9 Shields
 + Level 0.1 Evocations


You had 14 spell levels left.
You didn't know any spells.
Your spell library was empty.

Dungeon Overview and Level Annotations

Branches:
Dungeon (13/15)            Temple (0/1) D:7            Lair (5/5) D:10
 Shoals (0/4) Lair:3       Spider (1/4) Lair:2        Slime (0/5) Lair:4
    Orc (0/2) D:12          Sewer (visited)         Ossuary (visited)
 Vaults: D:13-14

Altars:
Cheibriados
Fedhas
Hepliaklqana
Makhleb
Okawaru
Xom
Zin
The Shining One

Shops:
D:1 !?(

Annotations:
D:11 3 runed translucent doors, Peloso's ghost, novice MiFi


Innate Abilities, Weirdness & Mutations

You have a pair of horns on your head.
You reflexively headbutt those who attack you in melee.
[You are very clumsy. (Dex -4)]
[You are frail. (-10% HP)]
[You are very weak. (Str -4)]
[You occasionally lose the ability to drink potions when taking damage.]
[You occasionally lose the ability to read scrolls when taking damage.]


Message History

You hack one of the four-headed hydra's heads off!
The flame cauterises the wound!
You slash the three-headed hydra! You burn the three-headed hydra.
You kill the three-headed hydra!
Trog accepts your kill.
Your Dodging skill increases to level 6!
No target in view!
No target in view!
You see here a +0 shortbow.
A fire dragon is nearby!
A freezing wraith comes into view.
The fire dragon roars deafeningly!
You hear a shout!
You barely miss the freezing wraith. You block the freezing wraith's attack.
The freezing wraith closely misses you.
You slash the freezing wraith! You burn the freezing wraith!
The freezing wraith is heavily damaged.
The freezing wraith hits you but does no damage.
You block the freezing wraith's attack.
The yaktaur shouts!
You hit the freezing wraith. You burn the freezing wraith.
You headbutt the freezing wraith!
The freezing wraith is severely damaged.
You slice the freezing wraith!! You burn the freezing wraith!
You destroy the freezing wraith!
Trog accepts your kill. The fire dragon breathes flames at you.
The blast of flame hits you!!! The fire burns you terribly!
You hear a shout!
You block the fire dragon's attack. x3
The wizard casts a spell at you.
The fireball explodes!
The fireball engulfs the fire dragon!
The fire dragon resists.
The fireball engulfs you!!! The fire burns you terribly!
You feel threatened and lose the ability to read scrolls!
You feel threatened and lose the ability to drink potions!
* * * LOW HITPOINT WARNING * * *
A manticore comes into view.
The fire dragon breathes flames at you. The blast of flame hits you!!!
The fire burns you terribly!
You die...

......#.#.p#####..#.#.#.#.#.#....
......#.##D......##.........#....
......+.###############c#####....
#.....#.#.#.....#.#...p#.#.[#....
#.....#.##..###...#...#.#.#.#....
#....)..#.......#.#.H.#.#..##....
#.......###.##.####...#.###.#....
#.........#..#.#..D..#.#...##....
#.......#...##.#@##..#..###.#....
#.......##.##..)..#.#)##....#....
#.......#.##..#.###.##......#....
........#...#.....##. ......#.##.
#######.#####################.##.
#.............................##.
#.........'.#...<#....###...####.
#.........#.#....#....# ##.......
#.........#.#....#....# #######.


You could see a fire dragon (catching breath), a manticore, a yaktaur and a
wizard.

Vanquished Creatures
  A bone dragon (Abyss:2)
  A tentacled monstrosity (Abyss:2)
  Rupert (Lair:3)
  Kirke (Lair:5)
  A deep elf elementalist (Abyss:2)
  A spark wasp (Spider:1)
  A rakshasa (Abyss:2)
  8 hydras
  A catoblepas (Lair:3)
  2 centaur warriors (D:13)
  The ghost of kalagan the Thaumaturge, a journeyman DECj of Sif Muna (Lair:3)
  2 boulder beetles (D:13)
  A death yak (Lair:3)
  A dancing weapon (Lair:3)
  7 two-headed ogres
  A tengu warrior (D:13)
  Urug (Lair:4)
  2 thrashing horrors (Abyss:2)
  A shadow wraith (Abyss:2)
  Nergalle (Lair:1)
  A sixfirhy (Abyss:2)
  3 skeletal warriors (D:12)
  2 wretched stars (Abyss:2)
  Pikel (D:5)
  A fenstrider witch simulacrum (Abyss:2)
  A deep elf pyromancer (D:13)
  4 cyclopes
  3 manticores
  An ugly thing (D:13)
  3 slime creatures (D:13)
  16 elephants
  An orange demon (Lair:1)
  4 black mambas
  A torpor snail (Lair:3)
  Joseph (D:8)
  A smoke demon (Abyss:2)
  15 cane toads
  A demonic crawler (Abyss:2)
  A freezing wraith (D:13)
  A rime drake (Lair:3)
  3 kobold demonologists
  An unseen horror (D:12)
  Psyche (D:8)
  2 trolls
  An ancient zyme (Abyss:2)
  A silent spectre (Abyss:2)
  5 polar bears
  6 hornets
  2 tarantellas (Lair:2)
  A raiju (Abyss:2)
  12 blink frogs
  A dream sheep (Lair:5)
  2 culicivoras (Lair:2)
  13 spriggans (Lair:5)
  4 water elementals (D:10)
  A ynoxinul (Abyss:2)
  2 shadows
  4 jumping spiders (Lair:2)
  Eustachio (D:5)
  5 hogs (Lair:5)
  3 wraiths
  A vampire (D:12)
  4 basilisks
  30 yaks
  3 wyverns
  6 vampire mosquitoes
  A neqoxec (Abyss:2)
  2 redbacks (Lair:2)
  3 large abominations (Abyss:2)
  An acid dragon (D:12)
  9 water moccasins
  4 orc warriors
  A sky beast (D:8)
  4 black bears
  23 wolves
  4 boggarts (Lair:5)
  2 ogres
  3 centaurs
  A lemure (D:5)
  A phantom (D:5)
  2 kobold brigands
  7 bullfrogs
  A scorpion (D:5)
  3 necrophages
  10 wights
  9 killer bees
  3 electric eels
  5 howler monkeys
  A small abomination (Abyss:2)
  A centaur zombie (Ossuary)
  An iron imp (Abyss:2)
  A human zombie (Ossuary)
  3 jellies
  12 orc priests
  2 hounds
  3 iguanas
  7 orc wizards
  A hell rat (Sewer)
  2 mummies (Ossuary)
  3 gnolls (D:4)
  12 adders
  4 river rats (Sewer)
  A shadow imp (D:6)
  A white imp (D:7)
  5 ufetubi
  2 adder zombies (Ossuary)
  5 dart slugs
  43 orcs
  6 endoplasms
  11 giant cockroaches
  9 goblins
  10 hobgoblins
  4 jackals (D:2)
  5 quokkas
  7 ball pythons
  5 bats (D:1)
  6 frilled lizards
  A goblin zombie (Ossuary)
  7 hobgoblin zombies (Ossuary)
  4 jackal zombies (Ossuary)
  20 kobolds
  13 kobold zombies (Ossuary)
  5 orc zombies (Ossuary)
  14 rats
  3 rat zombies (Ossuary)
552 creatures vanquished.

Vanquished Creatures (collateral kills)
  A hydra (Lair:1)
  Amaemon (Lair:1)
2 creatures vanquished.

Vanquished Creatures (others)
  31 fungi
  50 plants
  2 starspawn tentacles (Abyss:2)
83 creatures vanquished.

Grand Total: 637 creatures vanquished

Notes
Turn   | Place    | Note
-------+----------+-------------------------------------------
     0 | D:1      | Mysteryquy the Minotaur Berserker began the quest for the
                  | Orb.
     0 | D:1      | Reached XP level 1. HP: 19/19 MP: 0/0
     1 | D:1      | Found Hutebras's Antique Weapon Shop.
    12 | D:1      | Found Qinuoptaa's Magic Scroll Boutique.
   235 | D:1      | Reached XP level 2. HP: 26/27 MP: 1/1
   309 | D:1      | Reached skill level 4 in Axes
   518 | D:1      | Bought a scroll of teleportation for 30 gold pieces
   584 | D:1      | Reached ** piety under Trog
   591 | D:1      | Found a faded altar of an unknown god.
   691 | D:1      | Found Xoseklac's Distillery.
   710 | D:1      | Reached XP level 3. HP: 33/33 MP: 2/2
   735 | D:1      | Bought a potion of degeneration for 10 gold pieces
  1838 | D:3      | Reached skill level 5 in Axes
  1838 | D:3      | Reached XP level 4. HP: 35/41 MP: 3/3
  2149 | D:3      | Reached XP level 5. HP: 47/47 MP: 4/4
  2151 | D:3      | Reached skill level 5 in Fighting
  2153 | D:3      | Reached skill level 6 in Axes
  2210 | D:3      | Found a shimmering altar of Xom.
  2539 | D:4      | Found a glowing drain.
  2564 | Sewer    | Entered a sewer
  2585 | Sewer    | Reached *** piety under Trog
  2586 | Sewer    | Reached XP level 6. HP: 38/56 MP: 5/5
  2902 | D:4      | Found a sand-covered staircase.
  2912 | Ossuary  | Entered an ossuary
  3022 | Ossuary  | Reached skill level 7 in Axes
  3026 | Ossuary  | Reached **** piety under Trog
  3629 | D:4      | Reached skill level 8 in Axes
  3629 | D:4      | Reached XP level 7. HP: 33/62 MP: 6/6
  3886 | D:4      | Identified the +1 pair of gloves of the Lotus Blossom {rN+}
  4097 | D:5      | Entered Level 5 of the Dungeon
  4115 | D:5      | Noticed Eustachio
  4126 | D:5      | Killed Eustachio
  4201 | D:5      | Reached skill level 9 in Axes
  4536 | D:5      | Found a burning altar of Makhleb.
  4544 | D:5      | Found a glowing golden altar of the Shining One.
  4713 | D:5      | Found an iron altar of Okawaru.
  4732 | D:5      | Reached skill level 10 in Axes
  4732 | D:5      | Reached XP level 8. HP: 44/71 MP: 7/7
  4959 | D:5      | Noticed Pikel
  4972 | D:5      | Killed Pikel
  4973 | D:5      | Reached skill level 11 in Axes
  4973 | D:5      | Reached skill level 1 in Shields
  5055 | D:5      | Found a snail-covered altar of Cheibriados.
  5784 | D:6      | Reached XP level 9. HP: 29/81 MP: 8/8
  6153 | D:6      | Reached skill level 12 in Axes
  6784 | D:7      | Found a staircase to the Ecumenical Temple.
  7310 | D:7      | Reached ***** piety under Trog
  7587 | D:8      | Reached skill level 13 in Axes
  7928 | D:8      | Noticed Psyche
  7933 | D:8      | Killed Psyche
  7934 | D:8      | Reached skill level 5 in Shields
  8053 | D:8      | Noticed Joseph
  8060 | D:8      | Killed Joseph
  8062 | D:8      | Reached XP level 10. HP: 91/91 MP: 9/9
  8272 | D:9      | Reached skill level 14 in Axes
  9085 | D:9      | You fall into a shaft and drop 1 floor!
  9085 | D:10     | Entered Level 10 of the Dungeon
  9085 | D:10     | Found a blossoming altar of Fedhas.
  9135 | D:10     | Found a hazy altar of Hepliaklqana.
  9171 | D:10     | Reached skill level 10 in Fighting
  9506 | D:10     | Found a glowing silver altar of Zin.
  9529 | D:10     | Noticed a two-headed ogre
  9536 | D:10     | Killed a two-headed ogre
  9537 | D:10     | Reached skill level 15 in Axes
 10090 | D:10     | Noticed a two-headed ogre
 10100 | D:10     | Killed a two-headed ogre
 10101 | D:10     | Reached skill level 16 in Axes
 10196 | D:10     | Noticed a two-headed ogre
 10208 | D:10     | Killed a two-headed ogre
 10313 | D:10     | Reached XP level 11. HP: 79/102 MP: 10/10
 10476 | D:10     | Found a staircase to the Lair.
 11203 | Lair:1   | Entered Level 1 of the Lair of Beasts
 11204 | Lair:1   | Noticed Nergalle
 11211 | Lair:1   | Killed Nergalle
 11212 | Lair:1   | Reached skill level 17 in Axes
 11615 | Lair:1   | Identified the +10 broad axe "Bantyeco" {flame, rF- rN+
                  | Will+ Str+4} (Trog gifted it to you on level 1 of the Lair
                  | of Beasts)
 11615 | Lair:1   | Received a gift from Trog
 11838 | Lair:1   | Reached skill level 18 in Axes
 11900 | Lair:1   | Noticed a five-headed hydra
 11905 | Lair:1   | Killed a four-headed hydra
 11909 | Lair:1   | Noticed Amaemon
 11914 | Lair:1   | Killed Amaemon
 12679 | Lair:2   | Found a dark tunnel.
 12788 | Lair:2   | Reached XP level 12. HP: 99/113 MP: 11/11
 12820 | Lair:2   | Reached skill level 19 in Axes
 12821 | Lair:2   | Paralysed by a hornet for 2 turns
 13127 | Lair:2   | Found a hole to the Spider Nest.
 14313 | Spider:1 | Entered Level 1 of the Spider Nest
 14315 | Spider:1 | Noticed a spark wasp
 14320 | Spider:1 | Killed a spark wasp
 14321 | Spider:1 | Reached skill level 20 in Axes
 15075 | Lair:3   | Noticed a catoblepas
 15091 | Lair:3   | Killed a catoblepas
 15114 | Lair:3   | Found a staircase to the Shoals.
 15304 | Lair:3   | Found a runed translucent door.
 15309 | Lair:3   | Found a shimmering altar of Xom.
 15309 | Lair:3   | Noticed kalagan's ghost (journeyman DECj)
 15319 | Lair:3   | Killed kalagan's ghost
 15322 | Lair:3   | Identified the +3 whip of Cheese {flame, Fragile Int+6
                  | Dex+2}
 15511 | Lair:3   | Noticed a death yak
 15523 | Lair:3   | Killed a death yak
 15524 | Lair:3   | Reached XP level 13. HP: 101/125 MP: 12/12
 15716 | Lair:3   | Noticed Rupert
 15725 | Lair:3   | Killed Rupert
 16455 | Lair:4   | Found a staircase to the Slime Pits.
 16850 | Lair:4   | Noticed Urug
 16862 | Lair:4   | Killed Urug
 16863 | Lair:4   | Reached skill level 5 in Armour
 17341 | Lair:5   | Entered Level 5 of the Lair of Beasts
 17414 | Lair:5   | Reached skill level 15 in Fighting
 18004 | Lair:5   | Noticed Kirke
 18019 | Lair:5   | Killed Kirke
 18460 | Lair:5   | Reached skill level 21 in Axes
 18706 | Lair:5   | Reached XP level 14. HP: 137/137 MP: 13/13
 20007 | D:11     | Found a runed translucent gate.
 20007 | D:11     | Found a runed translucent gate.
 20008 | D:11     | Found a runed translucent gate.
 20010 | D:11     | Noticed Peloso's ghost (novice MiFi)
 20156 | D:12     | Reached skill level 10 in Shields
 20160 | D:12     | Received a gift from Trog
 20564 | D:12     | Found a staircase to the Orcish Mines.
 20589 | D:12     | Reached skill level 5 in Dodging
 22313 | Abyss:2  | Found a corrupted altar of Lugonu.
 22313 | Abyss:2  | Found a corrupted altar of Lugonu.
 22313 | Abyss:2  | Cast into level 2 of the Abyss (a wizard)
 22324 | Abyss:2  | Noticed a deep elf elementalist
 22352 | Abyss:2  | Found a corrupted altar of Lugonu.
 22401 | Abyss:2  | Noticed a tentacled monstrosity
 22428 | Abyss:2  | Killed a tentacled monstrosity
 22604 | Abyss:2  | Killed a deep elf elementalist
 23145 | Abyss:2  | Noticed a tentacled starspawn
 23156 | Abyss:2  | Noticed a bone dragon
 23174 | Abyss:2  | Killed a bone dragon
 23175 | Abyss:2  | Reached XP level 15. HP: 38/132 MP: 14/14
 23179 | D:13     | Escaped the Abyss
 23445 | D:13     | Killed from afar by a fire dragon

Illustrated notes

Levels and vault maps discovered:
D:1:      eino_arrival_water_star, layout_loops_ring, serial_shops,
          nicolae_shop_waterfront, shop, shop_statue,
          chequers_ecumenical_altar_island
D:2:      layout_loops_corners
D:3:      layout_rooms, mainiacjoe_overflow_paths, dreamdust_princess_bridge,
          minmay_crystal_room
D:4:      layout_basic, nicolae_ossuary_entry_monument, portal_sewer_entry_f,
          kennysheep_doodads
D:5:      nicolae_cairo_tiling_large, layout_basic,
          nicolae_overflow_crystal_walls, amethyst_overflow_temple_binary,
          mainiacjoe_overflow_brackets, uniq_pikel, uniq_eustachio
D:6:      layout_basic
D:7:      layout_loops_ring, minmay_temple_entry_tees,
          chequers_serial_rivers_micro_e, dk_vineyard_2
D:8:      layout_gridville, kennysheep_generic_room_10, uniq_joseph, uniq_psyche
D:9:      layout_irregular_city, serial_bayou, serial_bayou_pond_c,
          serial_bayou_shore_b, serial_bayou_pond_e, serial_bayou_pond_d
D:10:     layout_irregular_city, zin_scriptorium, kennysheep_mini_moat,
          amcnicky_altar_gilded, david_lair_generic, nicolae_underground_beach
D:11:     layout_gridville, gammafunk_ghost_necromancy
D:12:     layout_grid_maze, orc_0_dummy
D:13:     layout_irregular_city, minmay_the_grid_2x2 [minmay_the_grid_mess,
          minmay_the_grid_expand, minmay_the_grid_gridbox,
          minmay_the_grid_prize_inner_circle]
Lair:1:   layout_long_grid, uniq_nergalle, uniq_amaemon
Lair:2:   minmay_lair_venomous_thicket, layout_hall_layers,
          nicolae_spider_entry_tight_spaces, gauntlet_entry_generic,
          lightli_volcano_entry_magma_tube, lemuel_fruit_tree
Lair:3:   layout_loops_ring, elwin_shoals_entry_rocks, ebering_ghost_xom,
          serial_bayou_pond_e, grunt_megastairs_3, uniq_rupert
Lair:4:   layout_regular_city, slime_entry_1, chequers_serial_rivers_micro_d,
          uniq_urug
Lair:5:   minmay_lair_end_enchanted_forest, layout_cave_pods,
          grunt_megastairs_2, uniq_kirke
Spider:1: nicolae_spider_mines_3, uniq_frances

Skill      XL: |  1  2  3  4  5  6  7  8  9 10 11 12 13 14 15 |
---------------+----------------------------------------------+-----
Axes           | 4 5 6 8 10 11 13 16 18 20 21 | 21.8
Fighting       | 4 5 6 8 9 11 12 14 16 17 | 17.3
Armour         | 3 4 7 9 |  9.5
Shields        | 2 5 7 9 11 | 11.9
Dodging        | 4 5 6 |  6.0
Throwing       | |  0.4
Evocations     | |  0.1

Action                   |  1- 3 |  4- 6 |  7- 9 | 10-12 | 13-15 || total
-------------------------+-------+-------+-------+-------+-------++-------
Melee: Hand axe          |    89 |       |       |       |       ||    89
       Headbutt          |    10 |    23 |    36 |    57 |    90 ||   216
       Punch             |     1 |       |       |       |       ||     1
       War axe           |    10 |   178 |   180 |       |       ||   368
       Battleaxe         |       |       |    65 |   184 |       ||   249
       Broad axe         |       |       |       |   130 |   473 ||   603
Throw: Dart              |       |       |       |     7 |       ||     7
Invok: Berserk           |       |     3 |     3 |    10 |     9 ||    25
       Trog's Hand       |       |     1 |       |     3 |     4 ||     8
       Brothers in Arms  |       |       |       |     1 |     1 ||     2
Evoke: Wand              |       |       |       |     1 |     1 ||     2
  Use: Scroll            |       |       |     9 |     8 |     7 ||    24
       Potion            |       |       |       |     4 |     2 ||     6
 Stab: Distracted        |       |       |       |       |     1 ||     1
Armor: Animal skin       |     5 |       |       |       |       ||     5
       Scale mail        |    35 |    78 |   114 |   104 |   146 ||   477
Dodge: Dodged            |    57 |    78 |    80 |   153 |   112 ||   480
Block: Kite shield       |       |       |    52 |    48 |   306 ||   406
       Reflection        |       |       |       |       |    13 ||    13
